[Event "Fast Chess"]
[Site "ChessKid.com"]
[Date "2020.05.12"]
[Round "1"]
[White "Li, Tobias"]
[Black "Dai, Lana"]
[Result "0-1"]
[ECO "C42"]
[WhiteElo "1387"]
[BlackElo "1274"]
[Annotator "Qualitätsopfer mit HInlenkung"]
[PlyCount "49"]
[EventDate "2020.??.??"]
[TimeControl "900"]
[WhiteClock "0:10:14"]
[BlackClock "0:12:59"]

1. e4 e5 2. Nf3 Nf6 3. Nxe5 Qe7 4. Nf3 Qxe4+ 5. Qe2 Qxe2+ 6. Bxe2 Bc5 7. d4 Bd6 8. O-O O-O 9. h3 Nc6 10. Bg5 Be7 11. Nc3 d6 12. Rfe1 h6 13. Bh4 g5 14. Bg3 g4 15. hxg4 Bxg4 16. Nd2 Bxe2 17. Rxe2 Rfe8 18. Bh4 Nxd4 19. Re3 $4 Ng4 20. Re4 Bxh4 21.
Rxd4 Bxf2+ 22. Kf1 Bxd4 23. Nf3 Ne3+ 24. Kf2 Nxc2+ 25. Nxd4 {[%emt 0:00:08] TopBrownCave
won by resignation} 0-1

[Event "Fast Chess"]
[Site "ChessKid.com"]
[Date "2020.05.12"]
[Round "1"]
[White "Halimi, Dorian"]
[Black "Li, Patrick"]
[Result "0-1"]
[ECO "C20"]
[WhiteElo "1246"]
[BlackElo "1311"]
[PlyCount "40"]
[EventDate "2020.??.??"]
[TimeControl "900"]
[WhiteClock "0:13:38"]
[BlackClock "0:14:03"]

1. e4 e5 2. Qh5 Nc6 3. Bc4 g6 4. Qf3 Nf6 5. Nh3 Nd4 6. Qd3 Bb4 7. Ng5 O-O 8. Nxf7 Rxf7 9. Bxf7+ Kxf7 10. Qc4+ Kf8 11. Qd3 b5 12. c3 Ne6 13. cxb4 Ng4 14. Qd5 Ba6 15. Nc3 Qf6 16. Qxa8+ Ke7 17. Qxa7 Qxf2+ 18. Kd1 Qxa7 19. Nd5+ Kd6 20. d3 Nf2+ {[%emt 0:00:05]
WideClassyQuiz won by resignation} 0-1

[Event "Fast Chess"]
[Site "ChessKid.com"]
[Date "2020.05.12"]
[Round "2"]
[White "Halimi, Dorian"]
[Black "Li, Tobias"]
[Result "0-1"]
[ECO "C20"]
[WhiteElo "1241"]
[BlackElo "1392"]
[Annotator "Abwehren Doppelangriff"]
[PlyCount "98"]
[EventDate "2020.??.??"]
[TimeControl "900"]
[WhiteClock "0:10:00"]
[BlackClock "0:11:13"]

1. e4 e5 2. Qh5 Nc6 3. Bc4 g6 4. Qf3 Nf6 5. Nh3 Nd4 6. Qd3 Bc5 7. Ng5 O-O 8. Nxf7 Rxf7 9. Bxf7+ Kxf7 10. Qc4+ Kf8 $4 (10...
Ne6 $1) 11. Qxc5+ Qe7 12. Qxc7 Nxe4 13. O-O Kg8 14.
Nc3 Nxc2 15. Rb1 Kf8 16. Nd5 Qf7 17. Qxc2 Qxd5 18. Re1 Ng5 19. h3 Qxa2 20. Rxe5 Nf7 21. Qc5+ d6 22. Qc2 dxe5 23. d3 Be6 24. Be3 Rc8 25. Qd1 Bb3 26. Qe1 Kg7 27. Ra1 Qxb2 28. Bxa7 Qc3 29. Qf1 Rd8 30. Rc1 Qxd3 31. Qxd3 Rxd3 32. Be3 Rd8 33. Rc7 Bd5 34. Kh2 Bc6 35. g4 Kf6 36. Kg3 Nd6 37. h4 Nb5 38. Bg5+ Ke6 39.
Rxh7 Rd3+ 40. Be3 Kf6 41. h5 gxh5 42. Rxh5 Kg6 43. f4 exf4+ 44. Kxf4 Ra3 45. Rf5 Nd6 46. Rc5 Ra4+ 47. Ke5 Nf7+ 48. Ke6 Re4+ 49. Re5 Rxe5# {[%emt 0:00:05] OnlyHungryKiwi won by
checkmate} 0-1

[Event "Fast Chess"]
[Site "ChessKid.com"]
[Date "2020.05.12"]
[Round "3"]
[White "Li, Tobias"]
[Black "Li, Patrick"]
[Result "1-0"]
[ECO "C50"]
[WhiteElo "1398"]
[BlackElo "1297"]
[PlyCount "147"]
[EventDate "2020.??.??"]
[TimeControl "900"]
[WhiteClock "0:09:46"]
[BlackClock "0:09:32"]

1. e4 e5 2. Nf3 Nc6 3. Bc4 h6 4. O-O Nf6 5. Nc3 Bc5 6. a3 O-O 7. h3 d6 8. d3 Re8 9. Re1 Be6 10. Bxe6 Rxe6 11. b4 Bb6 12. Be3 Bxe3 13. Rxe3 Nd4 14. Re1 Nxf3+ 15. Qxf3 Qd7 16. Nd5 Nxd5 17. exd5 Rf6 18. Qg4 Qe7 19. Qg3 Qd7 20. Qg4 Qb5 21. Qd1 Qb6 22. Rb1 Qxf2+ 23. Kh1 Rg6 24. Rg1 Rg3 25. Qf1 Qxc2 26. Rc1 Qd2 27. Rd1 Qb2 28. Qe1 Rg6 29. Ra1 Re8 30. Qe3 c6 31. dxc6 bxc6 32. Qxa7 Ree6 33. Qb7 Ref6 34. Qxc6 Rf2 35. Qa8+ Kh7 36. Qb7 f5 37. Qa8 f4 38. Raf1 Rxf1 39. Rxf1 f3 40. Qxf3 Qxa3 41. Qb7 Qxd3 42. Ra1 Qb3 43. Qb6 Qb2 44. Rg1 Rg3 45. Qxd6 e4 46. Qxg3 Qxb4 47. Qe3 Qe7 48. Re1 Qe6 49. Qxe4+ Qxe4 50. Rxe4 h5 51. Re7 Kh6 52. Re6+ g6 53. Kh2 h4 54. Kh1 Kh5 55. Kh2 g5 56. Re5 Kh6 57. g4 Kg6 58.
Ra5 Kf6 59. Kg2 Kg6 60. Kf3 Kf6 61. Ke4 Kg6 62. Ke5 Kh6 63.
Kf5 Kh7 64. Kxg5 Kg7 65. Kxh4 Kf7 66. Kg3 Kg7 67. h4 Kh7 68. h5 Kg7 69. g5 Kh7 70. Kf4 Kg7 71. Kf5 Kh7 72. h6 Kh8 73.
g6 Kg8 74. Ra8# {[%emt 0:00:01]
OnlyHungryKiwi won by checkmate} 1-0

[Event "Fast Chess"]
[Site "ChessKid.com"]
[Date "2020.05.13"]
[Round "1"]
[White "Li, Tobias"]
[Black "Halimi, Dorian"]
[Result "0-1"]
[ECO "B01"]
[WhiteElo "1368"]
[BlackElo "1291"]
[Annotator "Springergabel, Grundlinienschwäche"]
[PlyCount "60"]
[EventDate "2020.??.??"]
[TimeControl "600"]
[WhiteClock "0:08:36"]
[BlackClock "0:07:51"]

1. e4 d5 2. exd5 Qxd5 3. Nc3 Qe5+ 4. Qe2 Qxe2+ 5. Bxe2 Nf6 6.
Nf3 Bg4 7. O-O e6 8. h3 Bf5 9. d4 Bd6 10. Bd3 Bxd3 11. cxd3 O-O 12. Nb5 h6 13. Re1 a6 14. Nxd6 cxd6 15. Bf4 d5 16. Rac1 Nc6 17. Be5 Nd7 18. Bg3 Nb4 19. a3 Na2
$4 20. Ra1 f6 21. Rxa2 e5 22. dxe5 fxe5 23. Nxe5 Nxe5 24. Bxe5 Rfe8 25. Raa1 Re6 26. Bh2 Rxe1+ 27. Rxe1 Rf8 28. Re7 b5 29. Ra7 Rc8 30. Rxa6 $4 Rc1# {[%emt 0:00:01]
FullMagentaEclipse won by checkmate} 0-1

[Event "Fast Chess"]
[Site "ChessKid.com"]
[Date "2020.05.13"]
[Round "1"]
[White "Li, Patrick"]
[Black "Sasse, Gabriel"]
[Result "0-1"]
[ECO "C46"]
[WhiteElo "1256"]
[BlackElo "1343"]
[PlyCount "76"]
[EventDate "2020.??.??"]
[TimeControl "600"]
[WhiteClock "0:08:13"]
[BlackClock "0:06:22"]

1. e4 e5 2. Nf3 Nc6 3. Nc3 Bc5 4. Nxe5 Nxe5 5. d4 Bb6 6.
dxe5 h6 7. Nd5 Ne7 8. Nxb6 cxb6 9. Bf4 Nc6 10. Bb5 O-O 11. Bxc6 bxc6 12. Kf1 Ba6+ 13. Kg1 Re8 14. Qd6 Re6 15. Qa3 c5 16. Qxa6 Qh4 17. Bg3 Qxe4 18. Re1 Qxe1+ 19. Qf1 Qxf1+ 20. Kxf1 f6 21. exf6 Rxf6 22. Be5 Re6 23. Bc3 b5 24. b4 cxb4 25. Bxb4 Rae8 26. a3 d5 27. Ba5 d4 28. c3 d3 29. g3 d2 30. Kg2 Rd6 31. Rd1 Re1 32. Rxd2 Rxd2 33. c4 bxc4 34. Bxd2 Rd1 35. Bf4 c3 36. Kf3 c2 37. Ke2 Rd6 38.
Bxd6 c1=Q {[%emt 0:00:01] LimeFarActor won by resignation} 0-1

[Event "Fast Chess"]
[Site "ChessKid.com"]
[Date "2020.05.13"]
[Round "1"]
[White "Horvath, Alexander"]
[Black "Georgiev, Maximilian"]
[Result "1-0"]
[ECO "C20"]
[WhiteElo "1330"]
[BlackElo "1147"]
[PlyCount "146"]
[EventDate "2020.??.??"]
[TimeControl "600"]
[WhiteClock "0:06:15"]
[BlackClock "0:05:54"]

1. e4 e5 2. Qh5 Nc6 3. Nf3 d6 4. Nc3 Nf6 5. Qg5 h6 6. Qg3 Nh5 7. Qh4 Qxh4 8. Nxh4 Nf6 9. Nf3 Be7 10. Bc4 O-O 11. O-O a6 12. d3 b5 13. Bb3 b4 14. Nd5 Nxd5 15. exd5 Na5 16. Be3 Nxb3 17. axb3 a5 18. Nd2 Bb7 19. Nc4 Bxd5 20. Rxa5 Rxa5 21. Nxa5 c5 22. Nc4 Bb7 23. Ra1 Ra8 24. Rxa8+ Bxa8 25. f3 d5 26. Nb6 Bb7 27. c3 d4 28. cxd4 cxd4 29. Bf2 Kh7 30. Nd7 Bc6 31. Nb8 Bb7 32. Nd7 f6 33. Nb6 Bc5 34. Na4 Be7 35. Kf1 g5 36. Ke2 Kg6 37. g3 Kf5 38.
g4+ Kg6 39. Nb6 Bc5 40. Nd7 Bd6 41. h4 gxh4 42. Bxh4 h5 43.
Bxf6 hxg4 44. fxg4 Bc6 45. Nxe5+ Kxf6 46. Nxc6 Kg5 47. Nxd4 Kxg4 48. Ke3 Kg5 49. Ke4 Kf6 50. Kd5 Ke7 51. Nc6+ Kd7 52. d4 Bf4 53. Ne5+ Kc7 54. Kc5 Kb7 55. Kxb4 Kc7 56. Kc5 Kb7 57. b4 Kc7 58. b5 Kb7 59. b4 Kc7 60. b6+ Kb7 61. b5 Kc8 62. Kc6 Kb8 63.
b7 Bxe5 64. dxe5 Ka7 65. e6 Kb8 66. e7 Ka7 67. b6+ Ka6 68.
e8=Q Ka5 69. Qa8+ Kb4 70. b8=Q Kc4 71. Qf4+ Kd3 72. Qa3+ Ke2 73. Qh2+ Kd1 {[%emt 0:00:02] KeenOrangeTeeth won by
resignation} 1-0

[Event "Fast Chess"]
[Site "ChessKid.com"]
[Date "2020.05.13"]
[Round "2"]
[White "Sasse, Gabriel"]
[Black "Halimi, Dorian"]
[Result "0-1"]
[ECO "C50"]
[WhiteElo "1334"]
[BlackElo "1301"]
[Annotator "Remis ist besser als verlieren"]
[PlyCount "50"]
[EventDate "2020.??.??"]
[TimeControl "600"]
[WhiteClock "0:08:29"]
[BlackClock "0:08:48"]

1. e4 e5 2. Nf3 Nc6 3. Bc4 h6 4. h3 a6 5. Nc3 Nf6 6. Be2 d6 7. O-O Nd4 8. Nxd4 exd4 9. Nb1 Nxe4 10. d3 Nc5 11. Bh5 g6 12. Re1+ Be7 13.
Bg4 Bxg4 14. Qxg4 O-O 15. Qxd4 Bf6 16. Qb4 Re8 17. Rxe8+ Qxe8 18. Qd2 Qe7 19. Qxh6 Qe1+ 20. Kh2 Be5+ 21. g3 Qxf2+ 22. Kh1 Qf1+ 23. Kh2 Qf2+ 24. Kh1 Bxg3 25. Qd2 Qf1# {[%emt 0:00:02]
FullMagentaEclipse won by checkmate} 0-1

[Event "Fast Chess"]
[Site "ChessKid.com"]
[Date "2020.05.13"]
[Round "2"]
[White "Horvath, Alexander"]
[Black "Li, Tobias"]
[Result "1-0"]
[ECO "C55"]
[WhiteElo "1339"]
[BlackElo "1360"]
[Annotator "Freibauer"]
[PlyCount "95"]
[EventDate "2020.??.??"]
[TimeControl "600"]
[WhiteClock "0:06:31"]
[BlackClock "0:07:16"]

1. e4 e5 2. Nf3 Nc6 3. Bc4 Bc5 4. Nc3 Nf6 5. Ng5 O-O 6.
Bxf7+ Rxf7 7. Nxf7 Kxf7 8. d3 h6 9. Be3 Bb6 10. Bxb6 axb6 11.
Nd5 Nxd5 12. exd5 Ne7 13. Qf3+ Kg8 14. O-O Qf8 15. Qxf8+ Kxf8 16. f4 exf4 17. Rxf4+ Kg8 18. Raf1 Kh7 19. Re4 Nxd5 20. Re5 Nf6 21. Re7 d6 22. Rxf6 Bg4 23. Rff7 Rg8 24. Kf2 Bd1 25. c3 Bc2 26. d4 Bb1 27. a3 c5 28. dxc5 bxc5 29. Rxb7 Bg6 30. Rfd7 Be4 31. Ra7 d5 32. b3 Rf8+ 33. Kg3 Rg8 34. Kf4 Bxg2 35. b4 cxb4 36. axb4 Rc8 37. Rxg7+ Kh8 38. Rxg2 Rxc3 39. Re2 Rc4+ 40. Kg3 Rc3+ 41. Kg2 Rc8 42. b5 Rg8+ 43. Kh1 Rc8 44. b6 Rc1+ 45. Kg2 Rc8 46. b7 Rg8+ 47. Kh3 Rf8 48. Ra8 {[%emt 0:00:03] KeenOrangeTeeth won by resignation}
1-0

[Event "Fast Chess"]
[Site "ChessKid.com"]
[Date "2020.05.13"]
[Round "2"]
[White "Georgiev, Maximilian"]
[Black "Li, Patrick"]
[Result "1-0"]
[ECO "C50"]
[WhiteElo "1158"]
[BlackElo "1246"]
[Annotator "Remis ist besser als verlieren"]
[PlyCount "121"]
[EventDate "2020.??.??"]
[TimeControl "600"]
[WhiteClock "0:05:39"]
[BlackClock "0:07:16"]

1. e4 e5 2. Nf3 Nc6 3. Bc4 h6 4. O-O Nf6 5. Nc3 Bc5 6. h3 d6 7. d3 O-O 8. a3 Re8 9. b4 Bb6 10. b5 Nd4 11. Nxd4 Bxd4 12. Bb2 Be6 13.
Bxe6 Rxe6 14. Rb1 Bxc3 15. Bxc3 c6 16. bxc6 bxc6 17. Qf3 d5 18. exd5 Qxd5 19. Qxd5 Nxd5 20. Bd2 f6 21. Rb7 Re7 22. Rxe7 Nxe7 23. Bb4 Nf5 24. g4 Nd4 25. Rc1 $4 Ne2+ 26. Kf1 Nxc1 27. Ke1 Na2 28. Bc5 Rb8 29. Kd2 Rb5 30. Bxa7 Rb7 31. Bc5 Rb5 32. Be3 Ra5 33. Bb6 Rxa3 34. Bc5 Ra5 35. Bb6 Rb5 36. Be3 Nb4 37. c4 Rb7 38. f3 Na6 39. f4 exf4 40. Bxf4 Rb2+ 41. Kc3 Rf2 42. Bg3 Rf3 43. Bd6 Rxh3 44. Kb3 Rh4 45. Ka4 Rxg4 46. Ka5 h5 47. Kxa6 h4 48. Kb6 Rg6 49. Kxc6 Rh6 50. Kb5 h3 51. c5 h2 52. Bxh2 Rxh2 53. c6 Rc2 54. Kb6 Kf8 55. c7 Rxc7 56. Kxc7 Ke7 57. d4 f5 58. d5 f4 59. d6+ Ke8 60. d7+ Ke7 61. d8=Q+ {
[%emt 0:00:01] TallSnazzyBall won by resignation} 1-0

[Event "Fast Chess"]
[Site "ChessKid.com"]
[Date "2020.05.13"]
[Round "3"]
[White "Halimi, Dorian"]
[Black "Horvath, Alexander"]
[Result "0-1"]
[ECO "D00"]
[WhiteElo "1294"]
[BlackElo "1346"]
[PlyCount "42"]
[EventDate "2020.??.??"]
[TimeControl "600"]
[WhiteClock "0:07:43"]
[BlackClock "0:07:45"]

1. d4 d5 2. Nf3 Nf6 3. Bf4 Nc6 4. Nc3 Ne4 5. Nxd5 Qxd5 6.
Qd3 Nb4 7. Qd1 Nxa2 8. e3 Nb4 9. b3 Be6 10. Bc4 Qc6 11. Ne5 Qb6 12. Bxe6 Qxe6 13. Qd3 Nxd3+ 14. cxd3 Nf6 15. O-O Qxb3 16.
Rab1 Qc2 17. Rxb7 e6 18. Rfb1 Bd6 19. Rb8+ Rxb8 20. Rxb8+ Ke7 21. Rxh8 Qc1# {[%emt 0:00:04] KeenOrangeTeeth won by
checkmate} 0-1

[Event "Fast Chess"]
[Site "ChessKid.com"]
[Date "2020.05.13"]
[Round "3"]
[White "Georgiev, Maximilian"]
[Black "Sasse, Gabriel"]
[Result "1-0"]
[ECO "C50"]
[WhiteElo "1170"]
[BlackElo "1323"]
[Annotator "Fehlerhafte Ottakringer Falle"]
[PlyCount "57"]
[EventDate "2020.??.??"]
[TimeControl "600"]
[WhiteClock "0:08:07"]
[BlackClock "0:08:32"]

1. e4 e5 2. Nf3 Nc6 3. Bc4 Bc5 4. O-O h6 5. Nc3 Nf6 6.
Nxe5 Nxe5 7. d4 $4 Bb6 8. dxe5 Nh7 9. Qh5 O-O 10. Nd5 Bc5 11.
a3 c6 12. Nc3 b5 13. Ba2 b4 14. Nd1 bxa3 15. bxa3 d6 16. e6 fxe6 17. Nc3 Bd4 18. Bb2 Bxc3 19. Bxc3 Ba6 20. Qg4 Ng5 21. Bxe6+ Kh8 22. Rfe1 Re8 23. Ba2 Bc8 24. Qg3 d5 25. exd5 cxd5 26. Rxe8+ Qxe8 27. h4 Ne6 28. Bxd5 Qf8 29. Bxa8 {[%emt 0:00:05]
TallSnazzyBall won by resignation} 1-0

[Event "Fast Chess"]
[Site "ChessKid.com"]
[Date "2020.05.14"]
[Round "1"]
[White "Horvath, Alexander"]
[Black "Georgiev, Maximilian"]
[Result "1/2-1/2"]
[ECO "C01"]
[WhiteElo "1344"]
[BlackElo "1243"]
[PlyCount "53"]
[EventDate "2020.??.??"]
[TimeControl "900"]
[WhiteClock "0:13:33"]
[BlackClock "0:12:44"]

1. e4 e6 2. Nf3 d5 3. exd5 exd5 4. d4 h6 5. Nc3 Nf6 6. Bb5+ c6 7. Ba4 b5 8. Bb3 a5 9. a3 a4 10. Ba2 Be7 11. Bf4 Nbd7 12. O-O O-O 13. Ne5 Nb6 14. Nxc6 Qd7 15. Nxe7+ Qxe7 16. Re1 Qb7 17. Re5 Ng4 18. Re2 Nf6 19. Qe1 Be6 20. Nxb5 Rfd8 21. Nd6 Qc6 22. Rxe6 fxe6 23. Qxe6+ Kh7 24. Qf5+ Kg8 25. Qe6+ Kh7 26. Qf5+ Kg8 27. Qe6+ {[%emt 0:00:01] Game drawn by repetition}
1/2-1/2

[Event "Fast Chess"]
[Site "ChessKid.com"]
[Date "2020.05.14"]
[Round "1"]
[White "Rosenkranz, Benjamin"]
[Black "Halimi, Dorian"]
[Result "0-1"]
[ECO "C60"]
[WhiteElo "1152"]
[BlackElo "1271"]
[PlyCount "98"]
[EventDate "2020.??.??"]
[TimeControl "900"]
[WhiteClock "0:12:03"]
[BlackClock "0:10:55"]

1. e4 e5 2. Nf3 Nc6 3. Bb5 Qf6 4. Nc3 Nd4 5. O-O Nxb5 6.
Nxb5 Bd6 7. Nxd6+ Qxd6 8. d3 Qf6 9. Bg5 Qe6 10. Be3 d6 11. Bd2 Qg6 12. Bb4 Bh3 13. g3 Bxf1 14. Kxf1 O-O-O 15. Nh4 Qf6 16. b3 c5 17. Ba5 b6 18. Qg4+ Rd7 19. Bd2 Nh6 20. Bxh6 Qxh6 21. Nf5 Qd2 22. Qxg7 Rdd8 23. Qxf7 Rdf8 24. Qe6+ Kb8 25. Kg2 Qxc2 26.
Ng7 Qxd3 27. Qd7 Rd8 28. Qc6 Qc3 29. Ne6 Qxa1 30. Qc7+ Ka8 31. Nxd8 Rxd8 32. Qxd8+ Kb7 33. Qxd6 Qxa2 34. Qxe5 Qxb3 35. Qe7+ Kc6 36. Qxh7 a5 37. e5 a4 38. Qd3 Qxd3 39. e6 Qd6 40. h4 Qxe6 41. g4 a3 42. f4 Qxg4+ 43. Kh2 Qxh4+ 44. Kg2 Qxf4 45. Kh3 a2 46. Kg2 a1=Q 47. Kh3 Qc3+ 48. Kg2 Qfd2+ 49. Kf1 Qcc1# {[%emt 0:00:01] FullMagentaEclipse won by checkmate} 0-1

[Event "Fast Chess"]
[Site "ChessKid.com"]
[Date "2020.05.14"]
[Round "2"]
[White "Halimi, Dorian"]
[Black "Horvath, Alexander"]
[Result "0-1"]
[ECO "C20"]
[WhiteElo "1265"]
[BlackElo "1351"]
[PlyCount "76"]
[EventDate "2020.??.??"]
[TimeControl "900"]
[WhiteClock "0:11:37"]
[BlackClock "0:11:26"]

1. e4 e5 2. Qh5 Nc6 3. Bc4 g6 4. Qe2 Nd4 5. Qd3 Bg7 6. Nh3 Nf6 7. Ng5 d6 8. Nxf7 Qe7 9. Nxh8 Bxh8 10. Nc3 Bd7 11. Nd5 Nxd5 12. Bxd5 O-O-O 13. c3 Nc6 14. Bxc6 Bxc6 15. Kf1 Rf8 16. Kg1 Qf7 17. f3 g5 18. a4 g4 19. b4 gxf3 20. gxf3 Rg8+ 21. Kf1 Qg6 22. Qe2 a6 23. b5 axb5 24. a5 b4 25. cxb4 d5 26. exd5 Bxd5 27. a6 b5 28. a7 Bc4 29. a8=Q+ Kd7 30. Qxg8 Qxg8 31. Rg1 Bxe2+ 32. Kf2 Qc4 33. Rb1 Qd3 34. Bb2 Qxf3+ 35. Ke1 Bf6 36. Bc3 Bh4+ 37. Rg3 Bxg3+ 38. hxg3 Qf1# {[%emt 0:00:01] KeenOrangeTeeth won by checkmate} 0-1

[Event "Fast Chess"]
[Site "ChessKid.com"]
[Date "2020.05.14"]
[Round "2"]
[White "Georgiev, Maximilian"]
[Black "Rosenkranz, Benjamin"]
[Result "1-0"]
[ECO "C57"]
[WhiteElo "1249"]
[BlackElo "1146"]
[PlyCount "51"]
[EventDate "2020.??.??"]
[TimeControl "900"]
[WhiteClock "0:13:05"]
[BlackClock "0:13:32"]

1. e4 e5 2. Nf3 Nc6 3. Bc4 Nf6 4. Ng5 d5 5. exd5 Nxd5 6.
Qf3 Qxg5 7. d4 exd4 8. Bxg5 Bc5 9. Qxd5 Be6 10. Qxc5 Bxc4 11. Qxc4 O-O 12. O-O Na5 13. Qxc7 f6 14. Bd2 b6 15. Bxa5 bxa5 16.
Qxa5 Rac8 17. Qxa7 Rxc2 18. Qxd4 Rcc8 19. Nd2 g6 20. Nf3 Kg7 21. Ng5 Rg8 22. Ne6+ Kf7 23. Rfe1 Ke7 24. Nc5+ Kf7 25. Qd7+ Kf8 26. Ne6# {[%emt 0:00:04] TallSnazzyBall won by checkmate} 1-0

[Event "Fast Chess"]
[Site "ChessKid.com"]
[Date "2020.05.14"]
[Round "3"]
[White "Horvath, Alexander"]
[Black "Rosenkranz, Benjamin"]
[Result "1-0"]
[ECO "C20"]
[WhiteElo "1355"]
[BlackElo "1142"]
[PlyCount "67"]
[EventDate "2020.??.??"]
[TimeControl "900"]
[WhiteClock "0:11:34"]
[BlackClock "0:10:56"]

1. e4 e5 2. Qh5 Qe7 3. Nc3 Nf6 4. Qd1 Qb4 5. a3 Qd4 6. Nf3 Qd6 7. Nb5 Qc6 8. d3 Qxb5 9. d4 Qc6 10. d5 Qd6 11. Bd2 Be7 12. Bb4 Qb6 13.
Bxe7 Kxe7 14. b3 Ng4 15. Qd2 Na6 16. Bxa6 Qxa6 17. Qg5+ f6 18. Qxg4 Qa5+ 19. Nd2 Qc3 20. Qxg7+ Kd6 21. Qxh8 Qxa1+ 22. Ke2 Qxh1 23. Qxf6+ Kc5 24. b4+ Kd4 25. Nb3+ Kc3 26. Qf3+ Kxc2 27. Qd3+ Kb2 28. Kd2 Ka2 29. Qc2+ Kxa3 30. Qc3 Qxg2 31. Nc5+ Ka2 32. Qb3+ Ka1 33. Kc1 Qxf2 34. Qb1# {[%emt 0:00:02]
KeenOrangeTeeth won by checkmate} 1-0

[Event "Fast Chess"]
[Site "ChessKid.com"]
[Date "2020.05.14"]
[Round "3"]
[White "Georgiev, Maximilian"]
[Black "Halimi, Dorian"]
[Result "1-0"]
[ECO "C50"]
[WhiteElo "1258"]
[BlackElo "1257"]
[Annotator "einzügiger Einsteller"]
[PlyCount "125"]
[EventDate "2020.??.??"]
[TimeControl "900"]
[WhiteClock "0:10:39"]
[BlackClock "0:11:52"]

1. e4 e5 2. Nf3 Nc6 3. Bc4 h6 4. O-O a6 5. h3 d6 6. Nc3 Nf6 7. d3 Nd4 8. Nxd4 exd4 9. Nd5 Nxd5 10. Bxd5 Qf6 11. a3 Be6 12. Bxb7 Rb8 13.
Bxa6 Qg6 14. Kh2 Be7 15. Bb5+ $4 Kf8 $4 16. Ba4 f5 17. exf5 Qxf5 18. Bb3 Bxb3 19. cxb3 Bh4 20. a4 Bxf2 21. a5 Ra8 22. a6 Ra7 23. b4 Kf7 24. b5 Rb8 25. Qg4 Bg3+ 26. Kxg3 Qxf1 27. Qxd4 Rba8 28. b6 cxb6 29. Qxb6 Rxa6 30. Rxa6 Rxa6 31. Qxa6 Qxc1 32. Qxd6 Qxb2 33. Qf4+ Ke6 34. Kf3 Qc2 35. Qe3+ Kf6 36. Qd4+ Kg6 37. Qe4+ Kf7 38. d4 Qc3+ 39. Qe3 Qc6+ 40. Qe4 Qf6+ 41. Qf4 Qxf4+ 42. Kxf4 Ke6 43. Ke4 Kd6 44. d5 g5 45. g4 Kd7 46. Ke5 Kd8 47. Ke6 Ke8 48. d6 Kd8 49. d7 Kc7 50. Ke7 Kc6 51. d8=Q Kc5 52. Ke6 h5 53. gxh5 g4 54. hxg4 Kc4 55. Ke5 Kb5 56. Qc8 Kb4 57. Kd5 Kb5 58. Qb8+ Ka4 59. Kc5 Ka3 60. Kc4 Ka2 61. Kc3 Ka1 62. Kc2 Ka2 63. Qb2# {[%emt 0:00:01] TallSnazzyBall won by checkmate} 1-0

[Event "Fast Chess"]
[Site "ChessKid.com"]
[Date "2020.05.15"]
[Round "1"]
[White "Li, Tobias"]
[Black "Georgiev, Maximilian"]
[Result "1/2-1/2"]
[ECO "C00"]
[WhiteElo "1386"]
[BlackElo "1302"]
[Annotator "Endspiel wirklich remis?"]
[PlyCount "123"]
[EventDate "2020.??.??"]
[TimeControl "300+10"]
[WhiteClock "0:02:48"]
[BlackClock "0:01:42"]

1. e4 e6 2. Nf3 d5 3. exd5 exd5 4. Qe2+ Be7 5. Nc3 Nf6 6. Qb5+ Bd7 7. Qxb7 Nc6 8. Qb3 d4 9. Nb5 Na5 10. Qd3 Bxb5 11. Qxb5+ c6 12. Qd3 c5 13. c3 dxc3 14. Qxd8+ Rxd8 15. dxc3 O-O 16. Bg5 h6 17. Bh4 Rfe8 18. Be2 Nd5 19. O-O Bxh4 20. Nxh4 Rxe2 21. Rfd1 Ree8 22. Rd2 Nf6 23. Rxd8 Rxd8 24. Re1 Nc4 25. b3 Nb2 26. Rb1 a5 27. h3 Nd3 28. Rd1 Rd7 29. Nf3 c4 30. bxc4 Nc5 31. Rxd7 Ncxd7 32. Kf1 Ne4 33. Ke2 Nxc3+ 34. Kd3 Nxa2 35. Nd4 Nb4+ 36. Kc3 Na6 37. Nb5 Ndc5 38. f4 g5 39. fxg5 hxg5 40. Kd4 Kh7 41. Nc3 Kg6 42. Nb5 Kf5 43. Ke3 g4 44. hxg4+ Kxg4 45. Kf2 f5 46. g3 f4 47. gxf4 Kxf4 48. Ke2 Ke4 49. Kd2 Ke5 50. Kc3 Ke6 51. Kb2 Kd7 52. Kc3 Kc6 53. Kd4 Nb3+ 54. Kc3 Nbc5 55. Kd4 Ne6+ 56. Kc3 Nac5 57. Na7+ Kb6 58. Nb5 Ne4+ 59. Kd3 N4c5+ 60. Kc3 Nf4 61. Kd4 Nfe6+ 62. Kc3 {[%emt 0:00:11] Game drawn by
repetition} 1/2-1/2

[Event "Fast Chess"]
[Site "ChessKid.com"]
[Date "2020.05.15"]
[Round "1"]
[White "Halimi, Dorian"]
[Black "Sasse, Gabriel"]
[Result "1-0"]
[ECO "C50"]
[WhiteElo "1285"]
[BlackElo "1351"]
[PlyCount "27"]
[EventDate "2020.??.??"]
[TimeControl "300+10"]
[WhiteClock "0:04:50"]
[BlackClock "0:04:10"]

1. e4 e5 2. Nf3 Nc6 3. Bc4 Bc5 4. d3 h6 5. Nc3 Nf6 6. Nd5 Ng4 7. O-O Nxf2 8. Rxf2 Bxf2+ 9. Kxf2 Nd4 10. Be3 Nxf3 11. Qxf3 Qh4+ 12. g3 Qxh2+ 13. Ke1 Qg1+ 14. Bxg1 {[%emt 0:00:12]
FullMagentaEclipse won by resignation} 1-0

[Event "Fast Chess"]
[Site "ChessKid.com"]
[Date "2020.05.15"]
[Round "2"]
[White "Halimi, Dorian"]
[Black "Li, Tobias"]
[Result "1-0"]
[ECO "C50"]
[WhiteElo "1296"]
[BlackElo "1376"]
[Annotator "Abtauschkombinationen"]
[PlyCount "75"]
[EventDate "2020.??.??"]
[TimeControl "300+10"]
[WhiteClock "0:00:20"]
[BlackClock "0:01:26"]

1. e4 e5 2. Nf3 Nc6 3. Bc4 Bc5 4. d3 d6 5. h3 h6 6. a3 Nf6 7. Nc3 Be6 8. Bxe6 fxe6 9. O-O g5 10. Be3 Bxe3 11. fxe3 Qe7 12. g3 O-O-O 13. h4 gxh4 14. gxh4 Rhg8+ 15. Kh1 Ng4 16. Qe2 d5 17. exd5 exd5 18. e4 dxe4 19. Nxe4 Nf6 20. Nxf6 Qxf6 21. Rg1 Rxg1+ 22. Rxg1 Qe6 23. h5 Qh3+ 24. Nh2 Nd4 25. Qd1 Rf8 26. Qe1 Nf3 27. Qf2 Rd8 $4 28. Rg3 Qxh5 $4 29. Rxf3 Rg8 30. Rg3 Rd8 31. Kg1 Qe8 32. Qf5+ Kb8 33. Ng4 Qe7 34. Nxh6 Qc5+ 35. Kg2 Qxc2+ 36. Kf3 Qxb2 37. Qg5 Qxa3 38. Qxd8# {[%emt 0:00:12] FullMagentaEclipse won by checkmate} 1-0

[Event "Fast Chess"]
[Site "ChessKid.com"]
[Date "2020.05.15"]
[Round "2"]
[White "Georgiev, Maximilian"]
[Black "Li, Patrick"]
[Result "0-1"]
[ECO "C50"]
[WhiteElo "1293"]
[BlackElo "1235"]
[Annotator "Ta2 ist sonderbar"]
[PlyCount "50"]
[EventDate "2020.??.??"]
[TimeControl "300+10"]
[WhiteClock "0:03:11"]
[BlackClock "0:03:26"]

1. e4 e5 2. Nf3 Nc6 3. Bc4 h6 4. O-O Bc5 5. h3 Nf6 6. Nc3 d6 7. d3 O-O 8. Be3 Bd4 9. a3 Re8 10. Ra2 $4 Be6 11. Bb3 a6 12. Ne2 d5 13. exd5 Bxd5 14. Bxd5 Qxd5 15. Bxd4 Qxa2 16. Bc5 Qd5 17. b4 b6 18. Be3 Red8 19. a4 Nxb4 20. Kh2 Qd6 21. Nc3 e4+ 22. Kg1 exf3 23.
Qxf3 Nxc2 24. Bd2 Qxd3 25. Qxd3 Rxd3 {[%emt 0:00:10] WideClassyQuiz
won by resignation} 0-1

[Event "Fast Chess"]
[Site "ChessKid.com"]
[Date "2020.05.15"]
[Round "3"]
[White "Li, Patrick"]
[Black "Halimi, Dorian"]
[Result "0-1"]
[ECO "C55"]
[WhiteElo "1229"]
[BlackElo "1303"]
[Annotator "Linienöffnung"]
[PlyCount "36"]
[EventDate "2020.??.??"]
[TimeControl "300+10"]
[WhiteClock "0:03:18"]
[BlackClock "0:03:26"]

1. e4 e5 2. Nf3 Nc6 3. Nc3 Bc5 4. Bc4 Nf6 5. O-O Ng4 6.
Ng5 Qxg5 7. d4 Qh4 8. h3 Bxd4 9. hxg4 Bxc3 10. bxc3 d6 11. Qd5 Be6 12. Qd3 Qxg4 13. Bxe6 Qxe6 14. Ba3 O-O-O 15. Qg3 d5 16. exd5 Qxd5 17. Qxg7 Rhg8 18. Qxh7 Qxg2# {[%emt 0:00:12] FullMagentaEclipse won
by checkmate} 0-1

[Event "Fast Chess"]
[Site "ChessKid.com"]
[Date "2020.05.15"]
[Round "3"]
[White "Sasse, Gabriel"]
[Black "Li, Tobias"]
[Result "0-1"]
[ECO "C50"]
[WhiteElo "1344"]
[BlackElo "1384"]
[PlyCount "36"]
[EventDate "2020.??.??"]
[TimeControl "300+10"]
[WhiteClock "0:03:19"]
[BlackClock "0:04:22"]

1. e4 e5 2. Nf3 Nc6 3. Bc4 Bc5 4. Nc3 Nf6 5. h3 d6 6. O-O h6 7. d3 g5 8. a3 g4 9. hxg4 Bxg4 10. b4 Bd4 11. Be3 Bxc3 12. Rb1 Bd4 13.
Bxd4 Nxd4 14. c3 Nxf3+ 15. gxf3 Bd7 16. b5 Rg8+ 17. Kh1 Nxe4 18. fxe4 Qh4# {[%emt 0:00:17] OnlyHungryKiwi won by checkmate}
0-1